 Dungeon Crawl Stone Soup version 0.27-a0-1501-g9d6fb14e67 (webtiles) character file.

Game seed: 16932871179047190075

65 Lekart the Skirmisher (level 3, -6/33 HPs)
             Began as a Draconian Chaos Knight on July 8, 2021.
             Was a Plaything of Xom.
             Mangled by an ogre (27 damage)
             ... on level 2 of the Dungeon.
             The game lasted 00:03:09 (1734 turns).

Lekart the Skirmisher (Draconian Chaos Knight)      Turns: 1734, Time: 00:03:10

Health: -6/33      AC:  5    Str: 13 (14) XL:     3   Next: 94%
Magic:  4/4        EV: 12    Int: 10 (12) God:    Xom [*.....]
Gold:   104        SH:  0    Dex: 10 (11) Spells: 4/4 levels left

rFire    . . .     SeeInvis .   a - +0 falchion (chaos)
rCold    . . .     Faith    .   (no shield)
rNeg     . . .     Spirit   .   (armour unavailable)
rPois    .         Reflect  .   (helmet restricted)
rElec    .         Harm     .   (no cloak)
rCorr    .         Rampage  .   (no gloves)
Will     .....                  (no boots)
Stlth    +.........             (no amulet)
HPRegen  0.11/turn              (no ring)
MPRegen  0.09/turn              (no ring)

@: no status effects
A: AC +5, unfitting armour, cold-blooded
a: Renounce Religion


You were on level 2 of the Dungeon.
You worshipped Xom.
You were a special plaything of Xom.
You visited 1 branch of the dungeon, and saw 2 of its levels.

You collected 104 gold pieces.

Inventory:

Hand Weapons
 a - a +0 falchion of chaos (weapon)
Potions
 b - 2 potions of heal wounds
 c - a potion of lignification {unknown}


   Skills:
 + Level 4.0 Fighting
 + Level 3.7 Long Blades
 + Level 2.5 Dodging
 * Level 1.2 Spellcasting


You had 4 spell levels left.
You didn't know any spells.
Your spell library contained the following spells:

 Spells                   Type           Power      Damage    Failure   Level
 Freeze                   Ice            0%         1d3       34%         1


Dungeon Overview and Level Annotations

Branches:
Dungeon (2/15)

Altars:

Shops:
D:1 (


Innate Abilities, Weirdness & Mutations

Your plain brown scales are hard. (AC +5)
You cannot fit into any form of body armour.
You are cold-blooded and may be slowed by cold attacks.


Message History

An ogre comes into view. It is wielding a +0 giant spiked club.
The ogre shouts!
You hear a shout!
The endoplasm quivers. "Let's try an experiment, hmmm?"
You do an impromptu tapdance.
A kobold comes into view. It is wielding a +0 short sword.
You hit the ogre. You freeze the ogre.
The ogre is moderately wounded.
The ogre misses you.
The kobold enters a dispersal trap!
The ogre blinks!
You blink.
Found 14 gold pieces.
You hit the endoplasm.
Lightning courses through the endoplasm!
You kill the endoplasm!
Xom smirks.
You detect creatures!
You are now a special plaything of Xom.
You feel your dexterity returning.
Your Fighting skill increases to level 4!
You closely miss the ogre.
The ogre is moderately wounded.
The kobold throws a stone.
The stone barely misses you. The ogre closely misses you.
You riposte.
You hit the ogre.
The ogre is moderately wounded.
The kobold throws a stone.
The stone barely misses you.
You barely miss the ogre.
The ogre is moderately wounded.
A frilled lizard comes into view.
The ogre hits you with a +0 giant spiked club!
The frilled lizard moves out of view.
You hit the ogre.
The ogre is poisoned.
The ogre is moderately wounded.
The ogre closely misses you.
The kobold throws a stone.
The stone barely misses you.
You hit the ogre. You freeze the ogre.
The ogre is heavily wounded.
The ogre hits you with a +0 giant spiked club!!
Ouch! That really hurt!
You die...
Xom giggles madly!

#. # #. #.#.# #
#########
#.#..##.#####.......##
g##.....#...............
#......#^K.............
#......#.#####.......##
#.....@..#............#
....###O..#.###........#
$ #...#K# #.!......#
#..>############.# l
..#..............#
###.############## #.# #
#.# #.


You could see an ogre (poisoned) and a kobold.

Vanquished Creatures
  A gnoll (D:1)
  An adder (D:2)
  3 dart slugs (D:1)
  4 ball pythons (D:1)
  5 endoplasms
  A giant cockroach (D:1)
  3 goblins
  2 hobgoblins
  6 jackals
  2 bats (D:1)
  2 frilled lizards (D:1)
  6 kobolds (D:1)
  4 rats
40 creatures vanquished.

Vanquished Creatures (others)
  Natasha (D:2)
1 creature vanquished.

Grand Total: 41 creatures vanquished

Notes
Turn   | Place    | Note
-------+----------+-------------------------------------------
     0 | D:1      | Lekart the Draconian Chaos Knight began the quest for the
                  | Orb.
     0 | D:1      | Reached XP level 1. HP: 19/19 MP: 1/1
    31 | D:1      | Found Abbalax's Antique Weapon Emporium.
    41 | D:1      | Reached XP level 2. HP: 25/26 MP: 2/2
   283 | D:1      | Found a faded altar of an unknown god.
   297 | D:1      | Got Plato's Tome of the Snowflakes
   501 | D:1      | Reached XP level 3. HP: 24/33 MP: 4/4
   519 | D:1      | XOM: divination: detect creatures
   646 | D:1      | XOM: smoke on damage
   657 | D:1      | HP: 1/33 [gnoll (4)]
   659 | D:1      | Reached skill level 1 in Spellcasting
  1060 | D:1      | XOM: silly message
  1066 | D:1      | XOM: silly message
  1076 | D:1      | XOM: divination: detect items
  1149 | D:1      | XOM: divination: detect items
  1358 | D:1      | XOM: cloud trail
  1556 | D:2      | XOM: divination: detect items
  1589 | D:2      | Killed Natasha
  1726 | D:2      | Noticed an ogre
  1728 | D:2      | XOM: silly message
  1730 | D:2      | XOM: divination: detect creatures
  1731 | D:2      | Reached skill level 4 in Fighting
  1734 | D:2      | Mangled by an ogre

Illustrated notes

Levels and vault maps discovered:
D:1:      minmay_arrival_arboretum_small, layout_basic, serial_shops, shop,
          shapermc_ecumenical_altar_rom_forum
D:2:      layout_basic, lemuel_another_geyser, uniq_natasha

Skill      XL: |  1  2  3 |
---------------+----------+-----
Spellcasting   | 1 |  1.2
Fighting       | 4 |  4.0
Long Blades    | |  3.7
Dodging        | |  2.5

Action                   || total
-------------------------++-------
Melee: Falchion          ||   115
       Tailslap          ||    17
  Use: Scroll            ||     3
       Potion            ||     2
Armor: Skin              ||    50
Dodge: Dodged            ||    62
       Rpst.: Falchion   ||    21

Table legend: (Time is in decaauts)
 A = Elapsed time spent in this place.
 B = Non-inter-level travel time spent in this place.
 C = Inter-level travel time spent in this place.
 D = Time resting spent in this place.
 E = Time spent auto-exploring this place.
 F = Levels seen in this place.
 G = Mean time per level.
                   A        B        C        D        E       F      G
               +--------+--------+--------+--------+--------+-----+--------+
         Total |   1748 |   1728 |     20 |    381 |   1095 |   2 |  874.0 |
       Dungeon |   1748 |   1728 |     20 |    381 |   1095 |   2 |  874.0 |
               +--------+--------+--------+--------+--------+-----+--------+

Top non-repeatable levels by time:
     D:1: 1371 daAuts
     D:2: 377 daAuts
